 Dungeon Crawl Stone Soup version 0.31-a0-851-g7ff8af7976 (webtiles) character file.

Game seed: 12344899608455308155

1470 CowFu the Skirmisher (level 8, -1/37 HPs)
             Began as a Spriggan Hunter on Oct 6, 2023.
             Killed by divine providence
             ... invoked by an orc priest
              (13 damage)
             ... on level 4 of the Dungeon.
             The game lasted 00:03:00 (3366 turns).

CowFu the Skirmisher (Spriggan Hunter)              Turns: 3366, Time: 00:03:00

Health: -1/37      AC:  2    Str:  7    XL:     8   Next: 49%
Magic:  9/9        EV: 18    Int: 10    God:
Gold:   179        SH:  5    Dex: 21    Spells: 7/7 levels left

rFire   . . .        a - +0 shortbow
rCold   . . .        (shield currently unavailable)
rNeg    . . .        c - +0 robe
rPois   .            (helmet restricted)
rElec   .            (no cloak)
rCorr   .            (gloves unavailable)
SInv    +            (boots unavailable)
Will    ++...        l - amulet of reflection
Stlth   ++           s - ring of willpower
HPRegen 0.26/turn    (no ring)
MPRegen 0.11/turn

%: reflection
@: very quick
A: very small, no large weapons, unfitting armour, see invisible, speed 3
a: no special abilities


You were on level 4 of the Dungeon.
You visited 1 branch of the dungeon, and saw 4 of its levels.

You collected 179 gold pieces.

Inventory:

Hand Weapons
 a - a +0 shortbow (weapon)
 b - a +0 dagger of electrocution
Missiles
 x - a throwing net
Armour
 c - a +0 robe (worn)
Jewellery
 e - a ring of wizardry
 l - an amulet of reflection (around neck)
 n - a ring of poison resistance
 s - a ring of willpower (left hand)
 w - a ring of ice
Wands
 y - a wand of flame (18)
Scrolls
 d - 2 scrolls of fear {unknown}
 g - a scroll of immolation {unknown}
 i - 2 scrolls of teleportation {unknown}
 o - a scroll of enchant weapon {unknown}
 q - 4 scrolls of identify {unknown}
 t - a scroll of amnesia {unknown}
 v - a scroll of butterflies
 B - a scroll of poison {unknown}
 C - a scroll of enchant armour {unknown}
 D - a scroll of blinking {unknown}
Potions
 f - 2 potions of ambrosia {unknown}
 h - 3 potions of heal wounds {unknown}
 j - a potion of magic {unknown}
 k - 4 potions of brilliance {unknown}
 m - a potion of mutation {unknown}
 p - 2 potions of lignification {unknown}
 r - a potion of curing {unknown}
 u - a potion of resistance {unknown}
 z - a potion of might {unknown}
 A - a potion of cancellation {unknown}


   Skills:
 - Level 1.5 Fighting
 + Level 11.3 Ranged Weapons
 - Level 2.6 Dodging
 - Level 1.5 Stealth


You had 7 spell levels left.
You didn't know any spells.
Your spell library contained the following spells:

 Spells                   Type           Power      Damage    Failure   Level
 Shock                    Conj/Air       0%         1d3       36%         1
 Swiftness                Air            0%         N/A       75%         3
 Airstrike                Air            0%         2d(0-16)  98%         4


Dungeon Overview and Level Annotations

Branches:
Dungeon (4/15)
 Temple: D:4-7

Altars:
Cheibriados
Fedhas
Kikubaaqudgha
Ru


Innate Abilities, Weirdness & Mutations

You are very small and have problems with some larger weapons.
You are too small for most types of armour.
You have supernaturally acute eyesight. (SInv)
You cover ground extremely quickly. (Speed+++)


Message History

You are too injured to fight recklessly!
You are too injured to fight recklessly!
You are too injured to fight recklessly!
You are too injured to fight recklessly!
You are too injured to fight recklessly!
You are too injured to fight recklessly!
You are too injured to fight recklessly!
You are too injured to fight recklessly!
You are too injured to fight recklessly!
You are too injured to fight recklessly!
You are too injured to fight recklessly!
You are too injured to fight recklessly!
You are too injured to fight recklessly!
You are too injured to fight recklessly!
Fire: a) +0 shortbow
Press: ? - help, Q - select action, (/) - cycle Shift-Dir - straight line, f/p - orc priest
Aim: an orc priest, wielding a +0 club (heavily wounded, 67% to hit)
You shoot an arrow.
The arrow hits the orc priest but does no damage.
The orc priest is heavily wounded.
The orc priest begins to cast a cantrip, but forgets the words!
Fire: a) +0 shortbow
Press: ? - help, Q - select action, (/) - cycle Shift-Dir - straight line, f/p - orc priest
Aim: an orc priest, wielding a +0 club (heavily wounded, 67% to hit)
You shoot an arrow.
The arrow completely misses the orc priest.
Fire: a) +0 shortbow
Press: ? - help, Q - select action, (/) - cycle Shift-Dir - straight line, f/p - orc priest
Aim: an orc priest, wielding a +0 club (heavily wounded, 67% to hit)
You shoot an arrow. The arrow hits the orc priest.
The orc priest is heavily wounded.
The orc priest barely misses you.
Fire: a) +0 shortbow
Press: ? - help, Q - select action, (/) - cycle Shift-Dir - straight line, f/p - orc priest
Aim: an orc priest, wielding a +0 club (heavily wounded, 67% to hit)
You shoot an arrow. The arrow hits the orc priest.
The orc priest is severely wounded.
The orc priest calls down the wrath of Beogh upon you.
Beogh smites you!
You die...

...........##'#####.# #.#
.####............##.####.#
.####............##......#
....#....[...†...#########
....#............#
....#......##'####
.(..#......##.##################
....#..###+##..................#
....##..........@############.##
...)##.'#######'.o.)))....<##.#
....''.#...#...#..###########.#
#...##.#...#.).#..# #.#
######.#.......##.# #.#
##########._.####'##### #.#
.......#.......#......# #.#
.......#...#...#......# #.#
.......#...#...#......# #.#


You could see an orc priest.

Vanquished Creatures
  Pikel (D:4)
  Grinder (D:3)
  Sigmund (D:3)
  Edmund (D:4)
  An ogre (D:4)
  Blork the orc (D:4)
  A scorpion (D:3)
  An orc priest (D:4)
  2 jellies (D:4)
  A sleepcap (D:4)
  An orc wizard (D:4)
  Natasha (D:4)
  A mummy (D:4)
  5 adders
  4 gnolls (D:4)
  An ufetubus (D:4)
  2 worms
  2 dart slugs
  7 orcs
  5 bats
  7 endoplasms
  2 giant cockroaches (D:1)
  4 hobgoblins
  7 ball pythons
  3 frilled lizards
  9 goblins
  11 kobolds
  10 rats
93 creatures vanquished.

Notes
Turn   | Place    | Note
-------+----------+-------------------------------------------
     0 | D:1      | CowFu the Spriggan Hunter began the quest for the Orb.
     0 | D:1      | Reached XP level 1. HP: 10/10 MP: 2/2
   200 | D:1      | Reached XP level 2. HP: 14/14 MP: 3/3
   671 | D:2      | Reached skill level 5 in Ranged Weapons
   671 | D:2      | Reached XP level 3. HP: 18/18 MP: 4/4
   815 | D:2      | Found a blossoming altar of Fedhas.
   849 | D:2      | Identified the +0 plate armour of Responsibility {rElec
                  | rF++ rN+ Stlth-}
  1093 | D:2      | Reached XP level 4. HP: 22/22 MP: 5/5
  1262 | D:3      | Noticed Sigmund
  1295 | D:3      | Killed Sigmund
  1296 | D:3      | Reached skill level 7 in Ranged Weapons
  1296 | D:3      | Reached XP level 5. HP: 16/25 MP: 6/6
  1458 | D:3      | Found a faded altar of an unknown god.
  1576 | D:3      | Noticed an ogre
  1628 | D:3      | Reached XP level 6. HP: 24/30 MP: 7/7
  1653 | D:3      | Found an ancient bone altar of Kikubaaqudgha.
  1993 | D:3      | Noticed Grinder
  2005 | D:3      | Killed Grinder
  2006 | D:3      | Reached skill level 8 in Ranged Weapons
  2171 | D:4      | Found a sacrificial altar of Ru.
  2204 | D:4      | Reached XP level 7. HP: 33/33 MP: 8/8
  2277 | D:4      | Noticed Blork the orc
  2282 | D:4      | Killed Blork the orc
  2321 | D:4      | Reached skill level 9 in Ranged Weapons
  2577 | D:4      | Noticed Edmund
  2589 | D:4      | Killed Edmund
  2815 | D:4      | Found a snail-covered altar of Cheibriados.
  2823 | D:4      | Reached skill level 10 in Ranged Weapons
  3053 | D:4      | Noticed Pikel
  3121 | D:4      | Killed Pikel
  3122 | D:4      | Reached skill level 11 in Ranged Weapons
  3122 | D:4      | Reached XP level 8. HP: 9/37 MP: 9/9
  3246 | D:4      | Noticed Natasha
  3250 | D:4      | Killed Natasha
  3366 | D:4      | Killed from afar by an orc priest

Illustrated notes

Levels and vault maps discovered:
D:1:      dpeg_arrival_ratfight, layout_basic
D:2:      layout_loops_ring, basic_altar
D:3:      layout_loops_ring, nicolae_kikubaaqudgha_miasma_corner,
          basic_ecumenical_altar, lightli_corner_chamber, uniq_sigmund,
          uniq_grinder
D:4:      layout_basic, slow_altar_2, nicolae_ru_great_annihilating_truth,
          uniq_natasha, uniq_edmund, uniq_blork_the_orc, uniq_pikel

Skill      XL: |  1  2  3  4  5  6  7 |
---------------+----------------------+-----
Ranged Weapons | 5 7 8 11 | 11.3
Fighting       | |  1.5
Dodging        | |  2.6
Stealth        | |  1.5

Action                     |  1- 3 |  4- 6 |  7- 9 || total
---------------------------+-------+-------+-------++-------
   Fire: Shortbow          |    97 |    88 |   147 ||   332
 Armour: Robe              |     9 |    15 |    15 ||    39
  Dodge: Dodged            |    34 |    22 |    23 ||    79
  Block: Other             |       |     5 |     6 ||    11

Table legend: (Time is in decaauts)
 A = Elapsed time spent in this place.
 B = Non-inter-level travel time spent in this place.
 C = Inter-level travel time spent in this place.
 D = Time resting spent in this place.
 E = Time spent auto-exploring this place.
 F = Levels seen in this place.
 G = Mean time per level.
                   A        B        C        D        E       F      G
               +--------+--------+--------+--------+--------+-----+--------+
         Total |   2355 |   2286 |     69 |      0 |   1774 |   4 |  588.8 |
       Dungeon |   2355 |   2286 |     69 |      0 |   1774 |   4 |  588.8 |
               +--------+--------+--------+--------+--------+-----+--------+

Top non-repeatable levels by time:
     D:4: 919 daAuts
     D:3: 624 daAuts
     D:1: 448 daAuts
     D:2: 363 daAuts
